cohdb
Replays
Latest Replays
All Replays
Popular Replays
Top Player Replays
Match Explorer
How It Works
Community
CoH3 Stats
Reddit
Sign in to upload your games and track your stats! →
Sign in with Steam
Match 45679888
Unlisted
Match 45679888
Overview
Messages
Build Orders
End
Selects Special Operations Battlegroup
Selects M29 Weasel Recon Vehicle
M29 Weasel Recon Vehicle
Construct Barracks
Riflemen Squad
Riflemen Squad
Riflemen Squad
Construct Medical Station
Infantry Support Center
Construct Motor Pool
M8 Greyhound Armored Car
Advanced Logistics
Engineer Squad
Grenade Package
M1 Anti-tank Gun Team
M1918 Browning Automatic Rifles
Riflemen Squad
Construct Weapon Support Center
DebaKLeTV
GetSlaped
DALT11
Drosnar
0
0
Comments
sign in to comment!
No comments posted yet!